 Dungeon Crawl Stone Soup version 0.21-a0-352-g5b8f553 (webtiles) character file.

121 Hasart the Cudgeler (level 4, -3/35 HPs)
             Began as a Mummy Fighter on Oct 11, 2017.
             Slain by a wight
             ... wielding a cursed -3 trident
              (4 damage)
             ... on level 2 of the Dungeon.
             The game lasted 00:02:44 (1166 turns).

Hasart the Cudgeler (Mummy Fighter)                 Turns: 1166, Time: 00:02:46

Health: -3/35      AC:  6    Str: 20    XL:     4   Next: 77%
Magic:  4/4        EV:  7    Int:  7    God:
Gold:   88         SH:  8    Dex: 11    Spells: 3/3 levels left

rFire    x . .     SeeInvis .   a - +0 flail
rCold    + . .     Gourm    .   c - +0 shield
rNeg     + + +     Faith    .   b - +0 scale mail
rPois    ∞         Spirit   .   (no helmet)
rElec    .         Reflect  .   (no cloak)
rCorr    +         Harm     .   (no gloves)
MR       .....                  (no boots)
Stlth    ..........             (no amulet)
HPRegen  0.11/turn              e - ring of resist corrosion
MPRegen  0.09/turn              (no ring)

@: no status effects
A: no food or potions, fire vulnerability, cold resistance 1, negative energy
resistance 3, torment resistance, unbreathing
a: no special abilities


You were on level 2 of the Dungeon.
You were not hungry.

You visited 1 branch of the dungeon, and saw 2 of its levels.

You collected 88 gold pieces.

Inventory:

Hand Weapons
 a - a +0 flail (weapon)
Armour
 b - a +0 scale mail (worn)
 c - a +0 shield (worn)
Jewellery
 e - a ring of resist corrosion (left hand)
Scrolls
 d - 2 scrolls of teleportation {unknown}
 f - a scroll of enchant weapon {unknown}
 g - a scroll of fear {unknown}
 h - a scroll of remove curse {unknown}
 i - a scroll of identify {unknown}


   Skills:
 - Level 3.0 Fighting
 + Level 4.1 Maces & Flails
 - Level 2.4 Armour
 - Level 2.4 Shields


You had 3 spell levels left.
You didn't know any spells.

Dungeon Overview and Level Annotations

Branches:
Dungeon (2/15)

Altars:
Cheibriados


Innate Abilities, Weirdness & Mutations

You do not eat or drink.
Your flesh is vulnerable to fire.
You are immune to poison.
Your flesh is cold resistant. (rC+)
You are immune to negative energy. (rN+++)
You are immune to unholy pain and torment.
You can survive without breathing.


Message History

The wight is severely damaged.
The wight barely misses you. The wight hits you with a trident.
* * * LOW HITPOINT WARNING * * *
Your shield prevents you from hitting the wight.
The wight is severely damaged.
The wight barely misses you.
You hit the wight but do no damage.
The wight is severely damaged.
You block the wight's attack.
You hit the wight but do no damage.
The wight is severely damaged.
You block the wight's attack.
Your shield prevents you from hitting the wight.
The wight is severely damaged.
The wight hits you with a trident.
* * * LOW HITPOINT WARNING * * *
You hit the wight.
The wight is almost destroyed.
You block the wight's attack. The wight hits you with a trident.
You die...

.......#
#................#
.......#
#.#..............#
....[..#
#.#..........#####
.......# #.#..........#
)..†!..# #.#..........#
.......###.#.†........#
...........#.....######
.........[...>##.#
!.......#####.##@#
........# #+##z#
##+####+#


zzs ..... ....... ......... ........... ............# You could see 3 wights and
a giant cockroach.

Vanquished Creatures
  A wight (D:2)
  An iguana (D:2)
  A gnoll (D:1)
  An ooze (D:1)
  A dart slug (D:1)
  A leopard gecko (D:2)
  10 bats
  A giant cockroach (D:2)
  5 goblins (D:1)
  3 hobgoblins
  5 frilled lizards
  8 kobolds
  3 rats (D:1)
41 creatures vanquished.

Notes
Turn   | Place    | Note
-------+----------+-------------------------------------------
     0 | D:1      | Hasart the Mummy Fighter began the quest for the Orb.
     0 | D:1      | Reached XP level 1. HP: 18/18 MP: 1/1
   158 | D:1      | Reached skill level 2 in Maces & Flails
   187 | D:1      | Reached XP level 2. HP: 16/24 MP: 2/2
   431 | D:1      | Reached XP level 3. HP: 24/29 MP: 3/3
   675 | D:1      | Reached skill level 3 in Maces & Flails
   882 | D:2      | Reached XP level 4. HP: 19/35 MP: 4/4
  1055 | D:2      | Found a snail-covered altar of Cheibriados.
  1146 | D:2      | Reached skill level 4 in Maces & Flails
  1165 | D:2      | HP: 1/35 [wight/trident (4)]
  1166 | D:2      | Slain by a wight

Vault maps used:
D:1:      dpeg_arrival_pits, minmay_misc_feat_tower, corexii_leaking_fountain
D:2:      elyvilon_altar_5, cheibriados_altar_1

Skill      XL: |  1  2  3  4 |
---------------+-------------+-----
Maces & Flails | 2 3 4 |  4.1
Fighting       | |  3.0
Armour         | |  2.4
Shields        | |  2.4

Action                   |  1- 3 |  4- 6 || total
-------------------------+-------+-------++-------
Melee: Flail             |    97 |    54 ||   151
Armor: Scale mail        |    75 |    16 ||    91
Dodge: Dodged            |    42 |    19 ||    61
Block: Shield            |    73 |    35 ||   108

Table legend:
 A = Spawn XP
 B = Non-spawn XP
 C = Spawn XP percentage of total XP
 D = Spawn monster count
 E = Non-spawn monster count
 F = Spawn count percentage of total count
 G = Total turns spent on level
                    A         B        C        D         E        F      G
               +---------+---------+-------+---------+---------+-------+---------
         Total |       0 |     174 |   0.0 |       0 |      41 |   0.0 |  1166
               +---------+---------+-------+---------+---------+-------+---------
           D:1 |       0 |      62 |   0.0 |       0 |      27 |   0.0 |   851
           D:2 |       0 |     112 |   0.0 |       0 |      14 |   0.0 |   315
               +---------+---------+-------+---------+---------+-------+---------
